 Dungeon Crawl Stone Soup version 0.26-a0-651-gb41185065b (webtiles) character file.

Game seed: 4690538634062607426

93 Ozzies the Skirmisher (level 4, -9/32 HPs)
             Began as a Gargoyle Fighter on Oct 3, 2020.
             Blown up by Ijyb (16 damage)
             ... with a disintegration bolt
             ... on level 3 of the Dungeon.
             The game lasted 00:02:31 (2265 turns).

Ozzies the Skirmisher (Gargoyle Fighter)            Turns: 2265, Time: 00:02:32

Health: -9/32      AC: 11    Str: 21    XL:     4   Next: 61%
Magic:  4/4        EV:  7    Int:  8    God:
Gold:   92         SH:  9    Dex:  9    Spells: 3/3 levels left

rFire    . . .     SeeInvis .   h - +2 mace (venom)
rCold    + . .     Faith    .   c - +0 kite shield
rNeg     + . .     Spirit   .   b - +0 scale mail
rPois    ∞         Reflect  .   t - +0 helmet
rElec    +         Harm     .   (no cloak)
rCorr    .         Rampage  .   (no gloves)
MR       .....                  (no boots)
Stlth    ..........             (no amulet)
HPRegen  0.10/turn              j - ring of ice
MPRegen  0.09/turn              o - ring of protection from fire

@: no status effects
A: negative energy resistance 1, electricity resistance, unbreathing,
petrification resistance, rot immunity, AC +3
a: no special abilities


You were on level 3 of the Dungeon.
You visited 1 branch of the dungeon, and saw 3 of its levels.

You collected 92 gold pieces.

Inventory:

Hand Weapons
 a - a +0 flail
 h - a +2 mace of venom (weapon)
Armour
 b - a +0 scale mail (worn)
 c - a +0 kite shield (worn)
 p - a +2 leather armour of poison resistance
 t - a +0 helmet (worn)
Jewellery
 j - a ring of ice (left hand)
 o - a ring of protection from fire (right hand)
 q - an uncursed ring of see invisible
 r - an uncursed ring of positive energy {unknown}
Scrolls
 k - 2 scrolls of remove curse {unknown}
 l - a scroll of enchant armour {unknown}
 m - a scroll of immolation {unknown}
 n - 2 scrolls of identify {unknown}
 s - a scroll of teleportation {unknown}
Potions
 d - a potion of might
 e - a potion of brilliance {unknown}
 f - a potion of stabbing {unknown}
 g - 2 potions of degeneration {unknown}
 i - a potion of cancellation {unknown}


   Skills:
 + Level 5.7 Fighting
 - Level 2.0 Maces & Flails
 - Level 3.2 Armour
 - Level 3.2 Shields


You had 3 spell levels left.
You didn't know any spells.
Your spell library was empty.

Dungeon Overview and Level Annotations

Branches:
Dungeon (3/15)

Altars:
Trog

Annotations:
D:3 1 runed translucent door, Crazy Yiuf, Ijyb


Innate Abilities, Weirdness & Mutations

You are resistant to torment.
Your stone body is resilient. (AC +3)
You are immune to poison.
You resist negative energy. (rN+)
You are resistant to electric shocks. (rElec)
You can survive without breathing.
You are immune to petrification.
You are immune to rotting.


Message History

Ijyb shouts!
Ijyb hits you with a +0 club.
You hit Ijyb but do no damage.
Ijyb is poisoned.
Ijyb zaps a wand.
You are blasted!
Ouch! That really hurt!
* * * LOW HITPOINT WARNING * * *
You block Ijyb's attack.
You are too injured to fight recklessly!
You are too injured to fight recklessly!
You closely miss Ijyb.
Ijyb is lightly wounded.
Ijyb hits you but does no damage.
You hit Ijyb.
Ijyb looks as sick as possible!
Ijyb is moderately wounded.
Ijyb hits you but does no damage.
You hit Ijyb but do no damage.
Ijyb looks as sick as possible!
Ijyb is moderately wounded.
Ijyb zaps a wand.
You are blasted!
Ouch! That really hurt!
You die...

........#####
#.# #######.#
#.# #.# #.#
#.###### #.#
#......####.#
#.####......#
#.# ########
#..#######.#
#.....g@...#
#.##########


You could see Ijyb (extremely poisoned).

Vanquished Creatures
  3 adders (D:2)
  A worm (D:2)
  3 dart slugs
  3 leopard geckos
  4 giant cockroaches
  7 goblins
  4 hobgoblins
  4 jackals (D:1)
  2 kobolds
  3 quokkas (D:2)
  A ball python (D:1)
  4 bats
  4 frilled lizards
  10 rats
53 creatures vanquished.

Notes
Turn   | Place    | Note
-------+----------+-------------------------------------------
     0 | D:1      | Ozzies the Gargoyle Fighter began the quest for the Orb.
     0 | D:1      | Reached XP level 1. HP: 14/14 MP: 1/1
   218 | D:1      | Reached XP level 2. HP: 20/20 MP: 2/2
   362 | D:1      | Reached skill level 4 in Fighting
   693 | D:1      | Reached XP level 3. HP: 24/24 MP: 3/3
  1276 | D:2      | Reached skill level 5 in Fighting
  1387 | D:2      | Found a bloodstained altar of Trog.
  1501 | D:2      | Reached XP level 4. HP: 30/31 MP: 4/4
  2222 | D:3      | Found a runed translucent door.
  2223 | D:3      | Noticed Crazy Yiuf
  2258 | D:3      | Noticed Ijyb
  2265 | D:3      | Blown up by Ijyb

Illustrated notes

Levels and vault maps discovered:
D:1:      dpeg_arrival_ternary, layout_loops_corners,
          chequers_serial_rivers_large_a, grunt_decor_cap,
          chequers_serial_rivers_marsh
D:2:      layout_loops_ring, nicolae_overflow_crystal_walls
D:3:      cheibrodos_pilgrimage, layout_loops_cross, uniq_ijyb,
          uniq_crazy_yiuf_cottage, uniq_jessica

Skill      XL: |  1  2  3 |
---------------+----------+-----
Fighting       | 4 5 |  5.7
Maces & Flails | |  2.0
Armour         | |  3.2
Shields        | |  3.2

Action                   |  1- 3 |  4- 6 || total
-------------------------+-------+-------++-------
Melee: Flail             |    30 |       ||    30
       Mace              |    81 |    41 ||   122
Armor: Scale mail        |    53 |    24 ||    77
Dodge: Dodged            |    32 |    16 ||    48
Block: Kite shield       |    49 |    18 ||    67

Table legend: (Time is in decaauts)
 A = Elapsed time spent in this place.
 B = Non-inter-level travel time spent in this place.
 C = Inter-level travel time spent in this place.
 D = Time resting spent in this place.
 E = Time spent auto-exploring this place.
 F = Levels seen in this place.
 G = Mean time per level.
                   A        B        C        D        E       F      G
               +--------+--------+--------+--------+--------+-----+--------+
         Total |   2330 |   2177 |    153 |      0 |   1801 |   3 |  776.7 |
       Dungeon |   2330 |   2177 |    153 |      0 |   1801 |   3 |  776.7 |
               +--------+--------+--------+--------+--------+-----+--------+

Top non-repeatable levels by time:
     D:1: 1286 daAuts
     D:2: 956 daAuts
     D:3: 87 daAuts
